General information
- name: BNet
- type: Ladder team game (AT/RT)
- host: Battle.net
- saver: AlienAntFarm
map: Deadlock
- players: 8
- length: 58:06
- speed: Fast
- version: 1.26 W3XP
- replay type: Public
» download(334 KB)
Players
team 1 (winner)
KingStannis (
green | 41 APM | 2406 actions | 58:06)
6 Priestess of the Moon
3 Trueshot Aura
2 Scout
1 Starfall
» actions
| Assign group hotkey | 120 | |
| Basic commands | 288 | |
| Build / train | 111 | |
| Enter build submenu | 31 | |
| Enter hero's abilities submenu | 6 | |
| Remove unit from queue | 4 | |
| Right click | 1007 | |
| Select / deselect | 649 | |
| Select group hotkey | 82 | |
| Use ability | 108 | |
2406 total
» units
| Wisp | 28 | |
| Huntress | 11 | |
| Hippogryph | 29 | |
| Chimaera | 15 | |
83 total
» upgrades
| Nature's Blessing | 1 | |
| Reinforced Hides | 3 | |
| Strength of the Wild | 3 | |
| Well Spring | 1 | |
| Corrosive Breath | 1 | |
| Ultravision | 1 | |
10 total
» buildings
| Altar of Elders | 3 | |
| Moon Well | 9 | |
| Hunter's Hall | 1 | |
| Ancient of War | 2 | |
| Tree of Ages | 1 | |
| Tree of Life | 5 | |
| Ancient of Wind | 5 | |
| Tree of Eternity | 1 | |
| Chimaera Roost | 4 | |
31 total
» build order
00:08 Altar of Elders
00:26 Moon Well
02:04 Hunter's Hall
02:06 Ancient of War
02:09 Ancient of War
02:23 Moon Well
03:02 Moon Well
05:34 Moon Well
06:13 Tree of Ages
07:40 Tree of Life
09:56 Ancient of Wind
11:07 Tree of Eternity
12:24 Ancient of Wind
13:52 Chimaera Roost
13:53 Chimaera Roost
13:54 Chimaera Roost
13:58 Chimaera Roost
14:57 Moon Well
14:59 Moon Well
18:00 Moon Well
18:02 Moon Well
19:45 Tree of Life
20:07 Tree of Life
24:40 Tree of Life
24:47 Tree of Life
30:52 Ancient of Wind
36:27 Ancient of Wind
36:29 Ancient of Wind
36:32 Altar of Elders
36:36 Moon Well
39:48 Altar of Elders
» items
| Scroll of Town Portal | 4 | |
| Potion of Lesser Invulnerability | 1 | |
5 total
AlienAntFarm (
yellow | 40 APM | 2297 actions | 58:06)
6 Blademaster
2 Wind Walk
3 Critical Strike
1 Bladestorm
» actions
| Assign group hotkey | 123 | |
| Basic commands | 351 | |
| Build / train | 92 | |
| Enter build submenu | 41 | |
| Enter hero's abilities submenu | 6 | |
| Give item / drop item | 11 | |
| Remove unit from queue | 21 | |
| Right click | 944 | |
| Select / deselect | 407 | |
| Select group hotkey | 148 | |
| Use ability | 152 | |
2297 total
» units
| Peon | 24 | |
| Grunt | 4 | |
| Wind Rider | 11 | |
| Acolyte | 1 | |
40 total
» upgrades
| Reinforced Defenses | 1 | |
| Ranged Weapons | 3 | |
| Armor | 3 | |
| Troll Regeneration | 1 | |
| Burning Oil | 1 | |
| Envenomed Spears | 1 | |
| Pillage | 1 | |
| Ensnare | 1 | |
12 total
» buildings
| Orc Burrow | 6 | |
| Barracks | 2 | |
| Altar of Storms | 1 | |
| Voodoo Lounge | 1 | |
| Stronghold | 1 | |
| War Mill | 1 | |
| Great Hall | 2 | |
| Watch Tower | 25 | |
| Fortress | 1 | |
| Beastiary | 6 | |
46 total
» build order
00:13 Orc Burrow
01:08 Orc Burrow
01:11 Barracks
01:12 Altar of Storms
01:16 Barracks
01:47 Voodoo Lounge
03:45 Stronghold
04:37 War Mill
05:44 Great Hall
05:58 Watch Tower
05:59 Watch Tower
06:03 Watch Tower
06:06 Watch Tower
06:10 Orc Burrow
08:01 Fortress
09:03 Great Hall
09:36 Watch Tower
09:37 Watch Tower
09:37 Watch Tower
09:38 Watch Tower
18:19 Beastiary
18:19 Beastiary
18:20 Beastiary
18:22 Beastiary
20:35 Orc Burrow
26:18 Orc Burrow
26:23 Orc Burrow
33:44 Beastiary
33:50 Beastiary
34:08 Watch Tower
34:08 Watch Tower
34:09 Watch Tower
34:11 Watch Tower
34:12 Watch Tower
34:12 Watch Tower
34:13 Watch Tower
34:14 Watch Tower
34:15 Watch Tower
34:15 Watch Tower
34:16 Watch Tower
34:21 Watch Tower
34:22 Watch Tower
34:22 Watch Tower
34:22 Watch Tower
34:23 Watch Tower
» items
| Healing Salve | 6 | |
| Lesser Clarity Potion | 2 | |
| Potion of Mana | 1 | |
| Potion of Healing | 9 | |
| Orb of Lightning | 1 | |
| Scroll of Town Portal | 6 | |
| Periapt of Vitality | 1 | |
| Staff of Teleportation | 1 | |
| Potion of Lesser Invulnerability | 3 | |
30 total
SuperSaiyanKtty (
teal | 62 APM | 3091 actions | 49:38)
8 Death Knight
3 Death Coil
3 Unholy Aura
1 Animate Dead
1 Death Pact
6 Lich
3 Frost Nova
2 Frost Armor
1 Death and Decay
» actions
| Assign group hotkey | 64 | |
| Basic commands | 20 | |
| Build / train | 145 | |
| ESC pressed | 1 | |
| Enter build submenu | 41 | |
| Enter hero's abilities submenu | 14 | |
| Give item / drop item | 1 | |
| Remove unit from queue | 7 | |
| Right click | 1044 | |
| Select / deselect | 470 | |
| Select group hotkey | 1114 | |
| Use ability | 170 | |
3091 total
» units
| Acolyte | 47 | |
| Ghoul | 1 | |
| Crypt Fiend | 19 | |
| Frost Wyrm | 11 | |
| Gargoyle | 2 | |
80 total
» upgrades
| Creature Attack | 3 | |
| Web | 1 | |
| Creature Carapace | 3 | |
| Freezing Breath | 1 | |
| Burrow | 1 | |
9 total
» buildings
| Crypt | 4 | |
| Graveyard | 2 | |
| Ziggurat | 13 | |
| Altar of Darkness | 1 | |
| Tomb of Relics | 1 | |
| Halls of the Dead | 3 | |
| Sacrificial Pit | 2 | |
| Black Citadel | 2 | |
| Necropolis | 2 | |
| Boneyard | 3 | |
| Nerubian Tower | 2 | |
| Spirit Tower | 4 | |
39 total
» build order
00:44 Crypt
00:50 Graveyard
00:59 Crypt
01:04 Ziggurat
01:13 Altar of Darkness
01:19 Tomb of Relics
01:31 Ziggurat
02:56 Ziggurat
06:06 Halls of the Dead
06:06 Halls of the Dead
06:39 Ziggurat
09:24 Ziggurat
09:26 Sacrificial Pit
09:27 Sacrificial Pit
10:09 Black Citadel
10:09 Black Citadel
10:47 Necropolis
11:09 Ziggurat
11:14 Ziggurat
12:40 Boneyard
12:43 Boneyard
12:48 Boneyard
13:09 Nerubian Tower
13:10 Spirit Tower
13:30 Spirit Tower
13:31 Nerubian Tower
29:45 Spirit Tower
30:43 Ziggurat
30:46 Ziggurat
30:47 Ziggurat
37:58 Necropolis
38:00 Ziggurat
38:02 Ziggurat
38:06 Ziggurat
44:45 Crypt
44:47 Graveyard
47:20 Crypt
» items
| Rod of Necromancy | 2 | |
| Orb of Corruption | 2 | |
| Potion of Healing | 5 | |
| Dust of Appearance | 1 | |
| Scroll of Town Portal | 6 | |
| Potion of Mana | 2 | |
18 total

»
Komdrag (
red | 58 APM | 2938 actions | 50:54)
5 Priestess of the Moon
3 Trueshot Aura
2 Searing Arrows
» actions
| Basic commands | 231 | |
| Build / train | 180 | |
| ESC pressed | 7 | |
| Enter build submenu | 46 | |
| Enter hero's abilities submenu | 5 | |
| Remove unit from queue | 28 | |
| Right click | 1517 | |
| Select / deselect | 818 | |
| Use ability | 105 | |
2938 total
» units
| Wisp | 55 | |
| Archer | 6 | |
| Huntress | 6 | |
| Dryad | 40 | |
| Ghoul | 22 | |
129 total
» upgrades
| Strength of the Moon | 1 | |
| Abolish Magic | 1 | |
| Strength of the Wild | 2 | |
| Reinforced Hides | 2 | |
| Well Spring | 1 | |
7 total
» buildings
| Altar of Elders | 1 | |
| Moon Well | 11 | |
| Ancient of War | 4 | |
| Ancient of Wonders | 2 | |
| Hunter's Hall | 2 | |
| Tree of Ages | 2 | |
| Ancient of Lore | 4 | |
| Tree of Life | 1 | |
| Ancient Protector | 9 | |
| Tree of Eternity | 1 | |
| Ancient of Wind | 1 | |
38 total
» build order
00:22 Altar of Elders
00:37 Moon Well
01:05 Ancient of War
01:57 Ancient of War
02:18 Ancient of War
03:10 Moon Well
03:55 Moon Well
03:59 Ancient of Wonders
04:13 Hunter's Hall
04:17 Hunter's Hall
04:51 Ancient of War
04:55 Moon Well
08:27 Tree of Ages
10:55 Ancient of Lore
10:58 Ancient of Lore
11:22 Tree of Life
11:44 Ancient of Wonders
12:21 Ancient Protector
12:28 Ancient Protector
12:32 Ancient Protector
12:55 Ancient Protector
13:13 Ancient of Lore
16:15 Tree of Eternity
18:16 Ancient of Lore
20:16 Ancient of Wind
20:48 Ancient Protector
21:51 Moon Well
21:52 Moon Well
21:53 Moon Well
21:55 Moon Well
21:56 Moon Well
25:41 Moon Well
25:44 Moon Well
25:49 Ancient Protector
25:52 Ancient Protector
29:48 Tree of Ages
36:33 Ancient Protector
36:36 Ancient Protector
» items
| Potion of Healing | 4 | |
| Potion of Mana | 1 | |
| Lesser Clarity Potion | 1 | |
6 total
team 2 (loser)
Ultimatium (
orange | 52 APM | 398 actions | 07:37)
1 Archmage
1 Blizzard
» actions
| Assign group hotkey | 5 | |
| Basic commands | 3 | |
| Build / train | 65 | |
| ESC pressed | 4 | |
| Enter build submenu | 20 | |
| Enter hero's abilities submenu | 3 | |
| Right click | 135 | |
| Select / deselect | 98 | |
| Select group hotkey | 39 | |
| Use ability | 26 | |
398 total
» units
» upgrades
» buildings
| Altar of Kings | 1 | |
| Farm | 4 | |
| Scout Tower | 8 | |
| Lumber Mill | 1 | |
| Arcane Tower | 6 | |
| Arcane Vault | 1 | |
| Guard Tower | 23 | |
| Keep | 1 | |
| Town Hall | 1 | |
46 total
» build order
00:21 Altar of Kings
00:37 Farm
01:18 Scout Tower
01:37 Farm
01:43 Lumber Mill
01:51 Arcane Tower
01:51 Arcane Tower
01:51 Arcane Tower
01:52 Arcane Tower
02:16 Farm
03:14 Arcane Vault
03:17 Farm
03:44 Scout Tower
03:45 Scout Tower
04:50 Guard Tower
04:50 Guard Tower
04:51 Guard Tower
04:51 Guard Tower
04:56 Guard Tower
04:56 Guard Tower
04:57 Guard Tower
04:57 Guard Tower
05:44 Keep
06:27 Scout Tower
06:28 Scout Tower
06:31 Scout Tower
06:35 Town Hall
06:37 Scout Tower
06:38 Scout Tower
06:57 Guard Tower
06:57 Guard Tower
06:57 Guard Tower
06:57 Guard Tower
06:58 Guard Tower
06:58 Guard Tower
06:59 Guard Tower
06:59 Guard Tower
07:01 Arcane Tower
07:29 Guard Tower
07:29 Guard Tower
07:30 Guard Tower
» items
TardwrangIer (
purple | 73 APM | 4228 actions | 58:06)
9 Archmage
3 Summon Water Elemental
3 Brilliance Aura
2 Blizzard
1 Mass Teleport
» actions
| Assign group hotkey | 140 | |
| Basic commands | 53 | |
| Build / train | 342 | |
| ESC pressed | 14 | |
| Enter build submenu | 116 | |
| Enter hero's abilities submenu | 10 | |
| Give item / drop item | 5 | |
| Remove unit from queue | 2 | |
| Right click | 1539 | |
| Select / deselect | 551 | |
| Select group hotkey | 945 | |
| Use ability | 511 | |
4228 total
» units
| Peasant | 40 | |
| Footman | 7 | |
| Sorceress | 1 | |
| Dragonhawk Rider | 15 | |
63 total
» upgrades
| Masonry | 5 | |
| Sorceress Training | 1 | |
| Cloud | 1 | |
| Lumber Harvesting | 1 | |
| Swords | 3 | |
| Armor | 3 | |
| Animal War Training | 1 | |
15 total
» buildings
| Altar of Kings | 2 | |
| Barracks | 1 | |
| Farm | 12 | |
| Lumber Mill | 3 | |
| Town Hall | 8 | |
| Scout Tower | 76 | |
| Arcane Vault | 2 | |
| Guard Tower | 175 | |
| Keep | 5 | |
| Castle | 10 | |
| Arcane Sanctum | 1 | |
| Gryphon Aviary | 6 | |
| Blacksmith | 3 | |
| Arcane Tower | 1 | |
305 total
» build order
00:37 Altar of Kings
00:42 Barracks
00:52 Farm
01:06 Farm
01:41 Farm
02:21 Lumber Mill
03:07 Farm
04:04 Town Hall
04:08 Scout Tower
04:09 Scout Tower
04:11 Scout Tower
04:16 Scout Tower
06:01 Arcane Vault
06:08 Guard Tower
06:09 Guard Tower
06:09 Guard Tower
06:10 Scout Tower
06:10 Scout Tower
06:11 Scout Tower
06:16 Keep
06:19 Scout Tower
06:33 Scout Tower
06:47 Guard Tower
06:47 Guard Tower
06:48 Guard Tower
06:53 Guard Tower
06:54 Guard Tower
06:54 Guard Tower
07:00 Scout Tower
07:01 Scout Tower
07:31 Guard Tower
07:32 Guard Tower
07:32 Guard Tower
07:34 Guard Tower
07:34 Guard Tower
07:34 Guard Tower
07:38 Scout Tower
07:40 Scout Tower
08:01 Scout Tower
08:17 Guard Tower
08:17 Guard Tower
08:18 Guard Tower
08:22 Scout Tower
08:23 Scout Tower
08:23 Scout Tower
08:24 Scout Tower
08:27 Scout Tower
08:30 Scout Tower
08:30 Scout Tower
08:31 Scout Tower
08:33 Scout Tower
08:36 Scout Tower
08:39 Scout Tower
08:47 Castle
08:47 Castle
08:47 Castle
08:52 Guard Tower
08:53 Guard Tower
08:53 Guard Tower
08:53 Guard Tower
08:54 Guard Tower
08:54 Guard Tower
08:58 Guard Tower
09:09 Guard Tower
09:09 Guard Tower
09:10 Guard Tower
09:11 Scout Tower
09:17 Guard Tower
09:17 Guard Tower
09:17 Guard Tower
09:17 Guard Tower
09:20 Guard Tower
09:20 Guard Tower
09:20 Guard Tower
09:20 Guard Tower
09:24 Scout Tower
09:26 Scout Tower
09:30 Scout Tower
09:30 Scout Tower
09:31 Scout Tower
09:35 Scout Tower
09:36 Scout Tower
09:36 Scout Tower
09:39 Scout Tower
09:41 Castle
09:41 Castle
09:48 Guard Tower
10:14 Guard Tower
10:15 Guard Tower
10:15 Guard Tower
10:15 Guard Tower
10:32 Guard Tower
10:58 Guard Tower
10:59 Guard Tower
10:59 Guard Tower
10:59 Guard Tower
11:05 Guard Tower
11:05 Guard Tower
11:05 Guard Tower
11:06 Guard Tower
11:46 Guard Tower
11:46 Guard Tower
11:47 Guard Tower
12:43 Town Hall
12:45 Scout Tower
12:46 Scout Tower
12:46 Scout Tower
12:47 Scout Tower
12:48 Scout Tower
13:09 Scout Tower
13:12 Scout Tower
13:14 Scout Tower
13:17 Scout Tower
13:18 Guard Tower
13:18 Guard Tower
13:19 Guard Tower
13:31 Guard Tower
13:31 Guard Tower
13:31 Guard Tower
13:44 Guard Tower
13:45 Guard Tower
14:05 Guard Tower
14:05 Guard Tower
14:25 Guard Tower
14:57 Arcane Sanctum
14:59 Guard Tower
14:59 Guard Tower
15:48 Guard Tower
15:48 Guard Tower
16:19 Scout Tower
16:20 Scout Tower
16:21 Scout Tower
16:21 Scout Tower
17:45 Guard Tower
17:45 Guard Tower
17:53 Scout Tower
17:53 Scout Tower
17:54 Scout Tower
17:56 Scout Tower
17:57 Scout Tower
18:01 Scout Tower
18:02 Scout Tower
18:05 Gryphon Aviary
18:08 Gryphon Aviary
18:09 Gryphon Aviary
18:12 Scout Tower
18:14 Scout Tower
18:18 Scout Tower
18:20 Guard Tower
18:20 Guard Tower
18:20 Guard Tower
18:24 Guard Tower
18:24 Guard Tower
18:24 Guard Tower
18:27 Guard Tower
18:27 Guard Tower
18:27 Guard Tower
18:27 Guard Tower
18:28 Guard Tower
18:46 Guard Tower
18:46 Guard Tower
18:47 Guard Tower
18:47 Guard Tower
18:48 Guard Tower
18:49 Guard Tower
18:49 Guard Tower
18:49 Guard Tower
20:00 Blacksmith
20:01 Blacksmith
21:00 Scout Tower
21:01 Scout Tower
21:03 Scout Tower
23:58 Farm
23:59 Farm
24:01 Farm
28:10 Keep
28:10 Keep
28:12 Gryphon Aviary
28:13 Gryphon Aviary
28:15 Gryphon Aviary
28:18 Blacksmith
29:30 Scout Tower
29:47 Town Hall
30:08 Scout Tower
30:08 Scout Tower
30:09 Scout Tower
30:10 Scout Tower
30:36 Arcane Vault
30:50 Altar of Kings
30:56 Arcane Tower
32:24 Farm
33:29 Castle
33:29 Castle
33:54 Farm
33:54 Farm
33:54 Farm
36:59 Town Hall
37:42 Farm
40:11 Lumber Mill
40:23 Town Hall
40:31 Town Hall
41:19 Town Hall
43:38 Scout Tower
43:55 Scout Tower
44:03 Lumber Mill
44:10 Scout Tower
45:23 Guard Tower
45:23 Guard Tower
45:23 Guard Tower
45:23 Guard Tower
45:36 Scout Tower
45:37 Scout Tower
45:53 Scout Tower
46:02 Scout Tower
46:12 Guard Tower
46:13 Guard Tower
46:13 Guard Tower
46:22 Guard Tower
46:22 Guard Tower
46:22 Guard Tower
46:23 Guard Tower
46:32 Scout Tower
46:35 Scout Tower
46:45 Scout Tower
46:52 Guard Tower
46:52 Guard Tower
46:52 Guard Tower
47:02 Guard Tower
47:02 Guard Tower
47:02 Guard Tower
47:05 Guard Tower
47:05 Guard Tower
47:05 Guard Tower
47:21 Guard Tower
47:21 Guard Tower
47:30 Guard Tower
47:30 Guard Tower
47:30 Guard Tower
48:29 Town Hall
» items
| Scroll of Town Portal | 5 | |
| Staff of Teleportation | 1 | |
| Potion of Invisibility | 4 | |
| Periapt of Vitality | 1 | |
| Tome of Retraining | 1 | |
| Scroll of Regeneration | 6 | |
| Lesser Clarity Potion | 2 | |
| Dust of Appearance | 1 | |
| Potion of Lesser Invulnerability | 1 | |
| Mechanical Critter | 5 | |
| Staff of Sanctuary | 1 | |
28 total
CRISPCRASP (
pink | 53 APM | 3104 actions | 58:06)
7 Mountain King
3 Storm Bolt
3 Bash
1 Avatar
» actions
| Assign group hotkey | 43 | |
| Basic commands | 10 | |
| Build / train | 107 | |
| Enter build submenu | 24 | |
| Enter hero's abilities submenu | 7 | |
| Give item / drop item | 5 | |
| Remove unit from queue | 1 | |
| Right click | 1417 | |
| Select / deselect | 324 | |
| Select group hotkey | 1015 | |
| Use ability | 151 | |
3104 total
» units
| Peasant | 19 | |
| Footman | 4 | |
| Gryphon Rider | 6 | |
| Dragonhawk Rider | 13 | |
42 total
» upgrades
| Masonry | 3 | |
| Lumber Harvesting | 2 | |
| Storm Hammers | 1 | |
| Cloud | 1 | |
| Animal War Training | 1 | |
| Swords | 1 | |
| Armor | 1 | |
10 total
» buildings
| Altar of Kings | 1 | |
| Barracks | 1 | |
| Farm | 18 | |
| Scout Tower | 19 | |
| Arcane Tower | 1 | |
| Lumber Mill | 1 | |
| Town Hall | 1 | |
| Guard Tower | 8 | |
| Keep | 1 | |
| Arcane Vault | 1 | |
| Castle | 1 | |
| Gryphon Aviary | 6 | |
| Blacksmith | 1 | |
60 total
» build order
00:16 Altar of Kings
00:20 Barracks
00:36 Farm
00:56 Farm
01:35 Farm
01:42 Scout Tower
02:15 Arcane Tower
02:42 Lumber Mill
03:48 Town Hall
03:51 Scout Tower
03:52 Scout Tower
04:41 Guard Tower
05:07 Keep
05:16 Scout Tower
05:16 Scout Tower
06:04 Guard Tower
06:13 Scout Tower
06:14 Scout Tower
06:15 Scout Tower
06:18 Scout Tower
06:20 Scout Tower
06:27 Arcane Vault
06:52 Guard Tower
07:11 Scout Tower
07:12 Scout Tower
07:12 Scout Tower
08:09 Guard Tower
08:31 Castle
09:25 Gryphon Aviary
09:29 Gryphon Aviary
10:33 Farm
10:33 Farm
10:34 Farm
10:35 Farm
10:35 Farm
11:02 Gryphon Aviary
11:07 Farm
11:07 Farm
11:08 Farm
11:09 Farm
11:46 Blacksmith
13:16 Scout Tower
13:17 Scout Tower
13:17 Scout Tower
13:18 Scout Tower
13:18 Scout Tower
13:18 Scout Tower
18:02 Guard Tower
22:33 Farm
25:29 Guard Tower
25:30 Guard Tower
34:53 Gryphon Aviary
34:55 Gryphon Aviary
34:56 Gryphon Aviary
34:58 Farm
34:58 Farm
34:58 Farm
34:59 Farm
34:59 Farm
» items
| Scroll of Regeneration | 9 | |
| Potion of Healing | 4 | |
| Potion of Mana | 3 | |
| Scroll of Town Portal | 14 | |
| Potion of Lesser Invulnerability | 1 | |
| Boots of Speed | 1 | |
| Scroll of Healing | 1 | |
| Orb of Fire | 1 | |
| Staff of Teleportation | 1 | |
35 total
I_markis (
blue | 74 APM | 943 actions | 12:40)
4 Keeper of the Grove
2 Entangling Roots
2 Thorns Aura
» actions
| Assign group hotkey | 18 | |
| Basic commands | 19 | |
| Build / train | 45 | |
| Enter build submenu | 22 | |
| Enter hero's abilities submenu | 4 | |
| Right click | 461 | |
| Select / deselect | 163 | |
| Select group hotkey | 170 | |
| Use ability | 41 | |
943 total
» units
| Wisp | 14 | |
| Archer | 8 | |
| Huntress | 5 | |
| Dryad | 3 | |
30 total
» upgrades
| Nature's Blessing | 1 | |
| Reinforced Hides | 1 | |
2 total
» buildings
| Ancient of War | 1 | |
| Moon Well | 5 | |
| Altar of Elders | 1 | |
| Ancient of Wonders | 2 | |
| Tree of Ages | 1 | |
| Hunter's Hall | 1 | |
| Ancient of Wind | 3 | |
| Ancient of Lore | 1 | |
| Tree of Eternity | 1 | |
16 total
» build order
00:32 Ancient of War
00:51 Moon Well
01:11 Altar of Elders
01:32 Moon Well
02:02 Ancient of Wonders
02:35 Moon Well
03:20 Tree of Ages
04:34 Moon Well
05:18 Hunter's Hall
06:17 Ancient of Wind
08:51 Ancient of Lore
08:54 Ancient of Wind
10:01 Moon Well
10:13 Ancient of Wonders
11:00 Tree of Eternity
11:02 Ancient of Wind
» items
| Dust of Appearance | 1 | |
| Boots of Speed | 1 | |
| Lesser Clarity Potion | 1 | |
| Scroll of Regeneration | 1 | |
| Scroll of Town Portal | 1 | |
5 total
Chat log
(00:10 / All) CRISPCRASP: dont listen to the red witch, stannis
(00:12 / All) CRISPCRASP: she is evil
(00:31 / All) AlienAntFarm: no she isn't, show newbie
(00:39 / All) KingStannis: She fresh
(00:40 / All) SuperSaiyanKtty: Plz no spoilers
(00:41 / All) Komdrag: stfu kids
(00:45 / All) Komdrag: jon snow dies
(00:52 / All) CRISPCRASP: she killed renley which made her evil
(00:54 / All) AlienAntFarm: Jon Snow assassinated by night watch members
(00:56 / All) TardwrangIer: Red just raped you guys
(01:09 / All) KingStannis: don't worry. the show is caught up. book readers can't spoil
(01:27 / All) TardwrangIer: the show sucks and so do you
(01:38 / All) KingStannis: season 1-3 were good
(01:50 / All) TardwrangIer: for the illiterate
(01:50 / All) CRISPCRASP: 5th one is really bad
(01:52 / All) AlienAntFarm: did jon snow die in teh show yet
(01:53 / All) CRISPCRASP: nothing has happened
(02:04 / All) AlienAntFarm: books 4 and 5 are really one book
(02:05 / All) TardwrangIer: I decided to stop watching the show
(02:11 / All) AlienAntFarm: and they transition from 3 to real 5
(02:11 / All) TardwrangIer: the books are way better and the show is a waste of time
(02:15 / All) TardwrangIer: I ain't got time for that shit
(02:17 / All) KingStannis: 4 and 5 qaulity is so bad
(02:23 / All) CRISPCRASP: u told me u downloaded the first 4 illegally
(02:25 / All) CRISPCRASP: the leaked ones
(02:31 / All) KingStannis: Dany was literally wearing jeans
(02:35 / All) SuperSaiyanKtty: [plz shut up
(02:37 / All) TardwrangIer: I downloaded the leaks but I didn't even watch them properly
(02:44 / All) TardwrangIer: and haven't watched since then
(02:45 / All) TardwrangIer: they sucked
(02:49 / All) CRISPCRASP: da fuk does properly mean
(02:54 / Allies) Komdrag: I watched the fuck outta the leaks
(02:58 / All) TardwrangIer: paying attention
(03:21 / All) KingStannis: u guys see Mr. Eko is last episode?
(04:06 / All) AlienAntFarm: orange covert mher
(04:26 / Allies) KingStannis: come with me guys
(04:31 / Allies) KingStannis: check expos
(04:32 / Allies) Komdrag: where guys
(04:33 / Allies) SuperSaiyanKtty: celaring an xpo first
(04:36 / Allies) KingStannis: tela and blue go
(04:45 / Allies) KingStannis: yellwo with me
(04:56 / All) CRISPCRASP: wood me niggas
(05:15 / Allies) Komdrag: town hall
(05:27 / Allies) AlienAntFarm: red back off
(05:33 / All) CRISPCRASP: tp to purpel
(05:36 / Allies) Komdrag: chill doug
(07:00 / Allies) KingStannis: hit right now
(07:02 / Allies) KingStannis: they are all towers
(07:58 / Allies) AlienAntFarm: lumbeR?
(08:12 / Allies) SuperSaiyanKtty: really red?
(08:17 / Allies) Komdrag: really nigga?
(08:29 / Allies) SuperSaiyanKtty: he left
(09:46 / Allies) SuperSaiyanKtty: omw
(10:25 / Allies) SuperSaiyanKtty: really ro
(10:27 / Allies) SuperSaiyanKtty: u gonna block me
(12:07 / All) SuperSaiyanKtty: GG
(12:13 / All) Komdrag: GG I WON
(12:18 / All) CRISPCRASP: aint oaver til fat lady sings
(12:18 / All) TardwrangIer: GG you lose
(12:20 / All) TardwrangIer: leave
(12:31 / All) I_markis: pink and purple both had 0 food
(12:33 / All) I_markis: 0 units
(12:38 / All) I_markis: nice 2v4 win
(12:41 / All) Komdrag: stfu coward
(12:42 / All) AlienAntFarm: stop whining
(12:48 / All) AlienAntFarm: straight teching on outside as NE
(12:49 / All) AlienAntFarm: LOL
(12:50 / All) Komdrag: I didnte ven do shit rofl hahaha lol
(12:54 / All) AlienAntFarm: pathetic ya fucking freak!
(13:06 / All) AlienAntFarm: take your loss like a man
(13:08 / All) AlienAntFarm: in silence
(13:11 / All) AlienAntFarm: then go fuck yourself loser!
(14:43 / All) TardwrangIer: lol
(14:49 / Allies) KingStannis: wood plz
(16:27 / Allies) SuperSaiyanKtty: made too many acols lol
(17:18 / Allies) SuperSaiyanKtty: omw
(18:22 / Allies) KingStannis: gonna get sonme chims first
(18:37 / Allies) Komdrag: need some anti tower
(18:43 / Allies) Komdrag: if thats even a thing
(19:19 / All) TardwrangIer: hahahaha
(19:24 / All) SuperSaiyanKtty: LOL
(19:26 / All) SuperSaiyanKtty: faggot
(19:27 / All) TardwrangIer: how much gold
(19:30 / All) TardwrangIer: do you have
(19:35 / All) SuperSaiyanKtty: why
(19:38 / All) TardwrangIer: I have 10k
(19:41 / All) SuperSaiyanKtty: coopl
(19:44 / All) SuperSaiyanKtty: u lost the game
(19:44 / All) TardwrangIer: and rape your asshole
(19:46 / All) TardwrangIer: nope
(19:47 / All) TardwrangIer: you lost
(19:48 / All) TardwrangIer: leave now
(19:51 / All) SuperSaiyanKtty: no lol
(19:55 / All) TardwrangIer: before you're experiencing maximum asspain
(19:58 / Allies) Komdrag: GIVE ME GOLD FAGGOTS
(20:08 / All) TardwrangIer: hahahahaha you really think you won don't you?
(20:12 / All) SuperSaiyanKtty: yeah
(20:16 / All) TardwrangIer: too bad
(20:18 / All) TardwrangIer: kill yourself
(20:21 / All) SuperSaiyanKtty: ha
(20:40 / Allies) Komdrag: HALP HALP
(21:14 / Allies) SuperSaiyanKtty: red
(21:15 / Allies) SuperSaiyanKtty: DO SOMEHTING
(21:18 / Allies) Komdrag: I TRY MAN
(21:20 / Allies) Komdrag: HE KILL
(21:22 / Allies) SuperSaiyanKtty: ur getting attaked and not even there
(21:24 / Allies) Komdrag: AYUDA!
(21:29 / Allies) Komdrag: U GUYS
(21:30 / Allies) Komdrag: KILL THEM
(21:37 / Allies) SuperSaiyanKtty: retard
(21:47 / Allies) SuperSaiyanKtty: comoing
(21:50 / Allies) SuperSaiyanKtty: i have freeze breagt
(21:54 / Allies) SuperSaiyanKtty: all go to poink
(22:11 / Allies) SuperSaiyanKtty: der
(22:12 / All) Komdrag: did we won?
(22:13 / Allies) SuperSaiyanKtty: i just said taht..
(22:15 / All) TardwrangIer: no
(22:15 / Allies) SuperSaiyanKtty: yes
(22:16 / All) TardwrangIer: you lost
(22:22 / All) SuperSaiyanKtty: lol
(22:23 / All) SuperSaiyanKtty: noob
(22:25 / Allies) KingStannis: not yet
(22:32 / Allies) SuperSaiyanKtty: yel;ow?
(22:34 / Allies) SuperSaiyanKtty: wjer r u
(22:35 / All) TardwrangIer: loser
(22:40 / Allies) Komdrag: YELLOW AFK
(22:41 / Allies) Komdrag: HAHA
(22:43 / Allies) Komdrag: NO ITEMS
(23:39 / Allies) SuperSaiyanKtty: castle thjen next
(24:18 / All) Komdrag: eASY GAME ROFL
(24:23 / All) Komdrag: EVEN WHEN YELLOW NO UNITS
(24:24 / All) TardwrangIer: if it's easy how did you lose?
(24:58 / All) Komdrag: WHAT?
(25:01 / All) Komdrag: ID ONT SPEAK DUMB
(26:33 / All) TardwrangIer: just leave
(26:35 / All) TardwrangIer: you lose
(26:45 / All) Komdrag: haha omg so true ROFL NOOB HAHAJSDA SHDE
(27:39 / All) Komdrag: eASY GAME
(27:40 / All) Komdrag: HAHAHAJAJA
(27:42 / All) Komdrag: XAXAXA
(27:46 / Allies) SuperSaiyanKtty: gj purple lol
(27:47 / All) SuperSaiyanKtty: Faggot
(27:48 / All) Komdrag: HIJOS DE PUTAS
(27:50 / All) Komdrag: MIERDERA
(27:54 / All) TardwrangIer: you lose
(27:55 / All) TardwrangIer: leave
(27:57 / Allies) Komdrag: the trolling is real
(28:00 / All) Komdrag: leave faggots
(28:02 / All) Komdrag: i rape moms
(28:05 / All) TardwrangIer: you leave faggots
(28:18 / All) Komdrag: i rape moms for a living
(28:26 / Allies) SuperSaiyanKtty: why are u killing us yellow
(28:42 / Allies) Komdrag: yellow is dumb af
(28:42 / Allies) KingStannis: kill ye.llow guys
(29:26 / All) AlienAntFarm: YOU MUST PAY THE IRON PRICE
(29:37 / All) TardwrangIer: You clowns lose
(29:38 / All) TardwrangIer: leave
(29:40 / All) CRISPCRASP: leave noobsssssssss
(29:53 / All) Komdrag: tired of nggers
(30:02 / All) TardwrangIer: then kill yourself, remove one from the world
(30:14 / Allies) Komdrag: guys
(30:15 / Allies) Komdrag: finish it
(30:20 / Allies) Komdrag: before yellow rapes my anus
(30:56 / All) CRISPCRASP: green ur such a try hard
(31:04 / All) KingStannis: ?
(31:10 / All) TardwrangIer: he's a loser lol
(31:11 / All) TardwrangIer: he loses
(31:35 / Allies) SuperSaiyanKtty: why yellow
(31:35 / Allies) SuperSaiyanKtty: wtf?
(31:40 / Allies) Komdrag: all kill yello
(31:42 / Allies) KingStannis: yellow is bsing us dude
(31:56 / Allies) KingStannis: kill his expos teal
(31:57 / Allies) SuperSaiyanKtty: he has no tp
(33:46 / Allies) SuperSaiyanKtty: green keep [ppotm, with me
(33:47 / Allies) SuperSaiyanKtty: for aura
(34:25 / Allies) SuperSaiyanKtty: wood p;lz
(34:32 / Allies) SuperSaiyanKtty: dude
(34:36 / Allies) SuperSaiyanKtty: fuck u yello
(34:37 / Allies) SuperSaiyanKtty: wtf ur deal
(34:49 / Allies) Komdrag: idiot teal
(34:50 / Allies) Komdrag: end it
(34:51 / Allies) Komdrag: already
(34:52 / Allies) Komdrag: with ur
(34:54 / Allies) Komdrag: fouckin
(35:03 / Allies) Komdrag: ur so fuckign dumb
(35:30 / Allies) SuperSaiyanKtty: k
(35:45 / Allies) Komdrag: GIO
(36:06 / Allies) Komdrag: took u this fucking long
(36:10 / Allies) Komdrag: ur dumber than yellow
(36:17 / Allies) KingStannis: im dead
(36:22 / Allies) KingStannis: 3v1 including yellow killing me
(36:46 / Allies) SuperSaiyanKtty: lets go
(36:54 / Allies) KingStannis: u guys needed to take yellow's expos out
(37:03 / Allies) SuperSaiyanKtty: shut up
(37:10 / Allies) KingStannis: wtf r u doing red
(37:13 / Allies) KingStannis: keep dryads back man
(37:20 / Allies) Komdrag: this teal
(37:22 / Allies) Komdrag: doesnt go in
(38:38 / All) SuperSaiyanKtty: faggpt p,mg
(38:43 / All) TardwrangIer: you lose
(38:44 / All) TardwrangIer: leave
(38:45 / Allies) Komdrag: causeh es dumb
(38:45 / All) TardwrangIer: noob
(38:46 / All) CRISPCRASP: mad lawl
(39:04 / All) TardwrangIer: why did you noobs all suddenly stop shit talking earlier?
(39:06 / All) TardwrangIer: you lose noobs
(39:08 / All) TardwrangIer: leave noobs
(39:14 / All) SuperSaiyanKtty: shut the fuck ip
(39:22 / All) TardwrangIer: you lose noob hahahaha noob teal you lose!
(39:47 / All) TardwrangIer: how's ti feel to be 10-8 teal?
(40:12 / Allies) SuperSaiyanKtty: red cp,e tp ,e
(40:15 / Allies) SuperSaiyanKtty: come to me
(40:25 / All) KingStannis: go kill yellow's towers than purp
(40:35 / All) CRISPCRASP: sure
(40:36 / All) CRISPCRASP: sur
(40:41 / All) TardwrangIer: you noobs lose
(40:42 / All) TardwrangIer: just leave
(40:45 / All) TardwrangIer: plz
(40:47 / All) TardwrangIer: leave faggots
(40:51 / All) KingStannis: nah. i will minimize
(41:04 / All) Komdrag: im gay!
(41:07 / Allies) KingStannis: kill gryphon aviary
(41:09 / All) AlienAntFarm: we all knwo that
(41:10 / All) TardwrangIer: you're a loser
(41:12 / All) TardwrangIer: I'm a winner
(41:32 / All) KingStannis: u woudln't be 0 and 1 on a brand new account if u were a winner
(41:36 / All) SuperSaiyanKtty: not by any means are you a "winner"
(41:46 / All) AlienAntFarm: They win the game
(41:48 / All) AlienAntFarm: That makes them winners
(41:49 / All) TardwrangIer: you're 20-14 now green how's it feel?
(41:51 / All) TardwrangIer: I win the game
(41:52 / All) TardwrangIer: I'm a winner
(41:56 / Allies) SuperSaiyanKtty: ur a faggot uellow
(41:56 / All) TardwrangIer: You lose the game, you're losers lol
(41:59 / All) TardwrangIer: hahaha losers
(42:01 / All) AlienAntFarm: Time to die, red
(42:03 / All) TardwrangIer: I warned you to just leave
(42:14 / All) TardwrangIer: You faggots stayed and got reamed instead
(42:38 / Allies) KingStannis: get those
(42:43 / All) CRISPCRASP: aint no quit in teal
(42:54 / All) Komdrag: teal and green are acutally so dumb
(43:03 / All) SuperSaiyanKtty: how so
(43:05 / All) CRISPCRASP: how so
(43:09 / All) Komdrag: but no
(43:19 / Allies) KingStannis: dude u just made dryads that died all game long
(43:24 / Allies) Komdrag: nigga
(43:27 / Allies) Komdrag: u dumb af
(43:39 / Allies) KingStannis: it was basically 2v4
(43:41 / Allies) KingStannis: me and teal vs all
(43:44 / Allies) KingStannis: u were worthless
(44:15 / Allies) KingStannis: mass fiends if u got the gold
(44:23 / Allies) KingStannis: so they can't use net trap on air
(44:38 / Allies) Komdrag: this teal!
(44:40 / Allies) Komdrag: rofl!
(44:51 / All) Komdrag: http://www.twitch.tv/feardarkness
(44:51 / Allies) KingStannis: shut up red
(44:54 / All) Komdrag: come join me
(44:57 / Allies) KingStannis: acting like yellow
(45:09 / All) KingStannis: yea u can cathcing things like watching sombody massing drydds
(45:32 / Allies) KingStannis: im going afk
(45:32 / Allies) Komdrag: gg
(45:45 / All) TardwrangIer: Yellow I think your allies are mad
(45:46 / All) TardwrangIer: are they mad?
(45:52 / Allies) Komdrag: rofl
(45:52 / Allies) AlienAntFarm: Raped fucking bitch LOL
(45:53 / Allies) Komdrag: HAHAHA
(45:53 / All) SuperSaiyanKtty: Fuck this whats ur deal
(45:56 / Allies) AlienAntFarm: CAn't touch the mastter
(45:59 / All) TardwrangIer: I think they are positively fuming lol
(46:06 / Allies) Komdrag: NIGGA
(46:07 / All) SuperSaiyanKtty: why even play the fuckin game
(46:07 / Allies) AlienAntFarm: Your turn green
(46:12 / All) SuperSaiyanKtty: how is that fun
(46:14 / All) SuperSaiyanKtty: u loser
(46:25 / All) TardwrangIer: I'm a winner
(46:29 / All) TardwrangIer: I beat you fair and square
(46:38 / All) Komdrag: http://www.twitch.tv/feardarkness
(46:40 / All) Komdrag: FOLLOW ME
(46:42 / All) TardwrangIer: quit bitching, queer
(46:44 / All) Komdrag: watch me play dota
(46:47 / All) Komdrag: http://www.twitch.tv/feardarkness
(46:48 / All) Komdrag: http://www.twitch.tv/feardarkness
(46:49 / All) TardwrangIer: why would I follow a loser lol
(46:50 / All) SuperSaiyanKtty: 1v1 me noob
(46:52 / All) KingStannis: shut up red lol
(46:54 / All) AlienAntFarm: Teal cost us the game
(46:56 / All) KingStannis: it's 2015
(46:57 / All) AlienAntFarm: cuz he's a newbie
(47:04 / All) KingStannis: and this nigga wants people to follow him for wc3 replays
(47:09 / All) SuperSaiyanKtty: says the mother fucker killing his own team
(47:11 / All) Komdrag: I said dota 2
(47:13 / All) Komdrag: u fucking fuck
(47:16 / All) Komdrag: no wonder we lost
(47:17 / All) KingStannis: blah blah blah
(47:19 / All) Komdrag: ur autistic af kid
(47:26 / All) AlienAntFarm: my record sucks now
(47:29 / All) AlienAntFarm: cuz teal was on my team
(47:36 / All) Komdrag: Anyways follow me
(47:37 / All) Komdrag: http://www.twitch.tv/feardarkness
(47:39 / All) AlienAntFarm: thanks for the loss, nub
(47:39 / All) Komdrag: ill be there
(47:41 / All) TardwrangIer: why follow a loser?
(47:43 / All) KingStannis: stfu red lol
(47:47 / All) KingStannis: acting like a girl
(47:50 / All) Komdrag: cya faggots
(47:51 / All) KingStannis: follow me! follow me!
(47:53 / All) TardwrangIer: loser
(47:53 / All) Komdrag: ill show tits
(47:54 / All) TardwrangIer: I win red
(47:55 / All) TardwrangIer: get raped
(47:57 / All) AlienAntFarm: teal you're a weak little bitch
(48:00 / All) AlienAntFarm: thanks for the loss, newbie
(48:00 / All) Komdrag: http://www.twitch.tv/feardarkness
(48:04 / All) AlienAntFarm: Hope you're proud of yousrelf
(48:07 / All) Komdrag: fucking weaklings
(48:11 / All) TardwrangIer: you're weak
(48:12 / All) Komdrag: thx 4 loss fgt
(48:13 / All) TardwrangIer: I'm strong
(48:15 / All) TardwrangIer: I win
(48:16 / All) TardwrangIer: you lose
(48:17 / All) AlienAntFarm: I had all weaklings for allies
(48:27 / All) AlienAntFarm: Couldn't handle a little friendly fire
(48:38 / All) AlienAntFarm: THANKS FOR THE LOSS NEWBIES
(48:51 / Allies) Komdrag: im actually gonan start doing what yellow is doing
(48:53 / Allies) Komdrag: looks fun
(48:58 / Allies) Komdrag: the staff of tele shit rofl
(49:13 / Allies) SuperSaiyanKtty: for real yellow
(49:19 / All) SuperSaiyanKtty: WHY ARE U EVEN IN THE GAME
(49:25 / All) TardwrangIer: To get my win
(49:34 / All) Komdrag: http://www.twitch.tv/feardarkness
(49:36 / All) SuperSaiyanKtty: fuckin losers
(49:37 / All) Komdrag: follow remember guys
(49:46 / All) Komdrag: follow me!
(49:49 / All) TardwrangIer: No
(49:57 / All) AlienAntFarm: Thanks for the loss newbies
(49:59 / All) TardwrangIer: try winning and telling me to follow next time
(50:00 / All) AlienAntFarm: Fucking weak allies
(50:02 / All) AlienAntFarm: Makes me so mad
(50:04 / All) TardwrangIer: I don't follow people who I beat fair and square
(50:04 / All) AlienAntFarm: I could spit
(50:11 / All) Komdrag: http://www.twitch.tv/feardarkness
(50:20 / All) Komdrag: like and subscribe
(50:22 / All) CRISPCRASP: twitch of wha tlawl
(50:28 / All) Komdrag: http://www.twitch.tv/feardarkness
(50:34 / All) CRISPCRASP: twitch of what fool
(50:37 / All) CRISPCRASP: what do u do
(50:49 / All) KingStannis: A hack has been detected! Press Alt+Q+Q to remove this hack!
(51:01 / All) TardwrangIer: you made red leave
(51:08 / All) AlienAntFarm: OH SHIT
(51:12 / All) AlienAntFarm: REPORT THIS TO BLIZZARD
(51:15 / All) AlienAntFarm: MAP HACK DETECTED
(51:16 / All) TardwrangIer: did that remove the hack?
(51:21 / All) TardwrangIer: red left so he pressed it I think
(51:25 / All) TardwrangIer: did that fix the hack green?
(51:27 / All) CRISPCRASP: green this game was ur one chance
(51:29 / All) CRISPCRASP: we played so bad this game
(51:30 / All) TardwrangIer: I don't think any of us have to press it now
(51:38 / All) CRISPCRASP: it didnt help oj didnt have shit
(51:45 / All) CRISPCRASP: neither did me or rod
(51:55 / All) TardwrangIer: I was barely paying attention all game lawl
(51:55 / All) AlienAntFarm: I denied him an expo so he left
(51:59 / All) TardwrangIer: didn't expect such a close one
(52:02 / All) TardwrangIer: I should've gone tank
(52:05 / All) AlienAntFarm: he actually managed to get it up
(52:12 / All) AlienAntFarm: but I killed the towers
(54:46 / All) AlienAntFarm: why was that guy shilling the feardarkness channel
(54:57 / All) AlienAntFarm: it's some faggot playing dota while 7k people watch
(55:01 / All) TardwrangIer: he said it was his dota channel
(55:11 / All) AlienAntFarm: It for sure isn't
(55:52 / All) AlienAntFarm: I was hoping to he was streaming us stabbign him
(56:14 / All) AlienAntFarm: Streaming is so stupid
(56:22 / All) AlienAntFarm: WAtching other people play games
(56:30 / All) AlienAntFarm: I mean watching it
(56:41 / All) CRISPCRASP: u should have seen there was a hilarious warning regarding witcher 3
(57:09 / All) CRISPCRASP: someone said it has a ton of bugs and the only part of the game it runs at 60 fps steadily was the title screen
(57:10 / All) AlienAntFarm: Any last pearls of wisdom you'd like to bestow upon us, green?
(57:25 / All) CRISPCRASP: no end it